 Dungeon Crawl Stone Soup version 0.31-a0-949-g57150269e1 (webtiles) character file.

Game seed: 2873502417010584195

94 Zonian the Magician (level 4, -8/24 HPs)
             Began as a Deep Elf Hedge Wizard on Oct 22, 2023.
             Mangled by an orc priest
             ... wielding a +0 flail
              (9 damage)
             ... on level 3 of the Dungeon.
             The game lasted 00:04:32 (2827 turns).

Zonian the Magician (Deep Elf Hedge Wizard)         Turns: 2827, Time: 00:04:33

Health: -8/24      AC:  2    Str:  7    XL:     4   Next: 38%
Magic:  16/22      EV: 13    Int: 21    God:
Gold:   87         SH:  0    Dex: 14    Spells: 8/13 levels left

rFire   . . .        a - +0 dagger
rCold   + . .        (no shield)
rNeg    . . .        b - +0 robe
rPois   .            c - +0 hat
rElec   .            (no cloak)
rCorr   .            (no gloves)
SInv    .            (no boots)
Will    .....        i - amulet of magic regeneration
Stlth   ++           k - ring of protection from cold
HPRegen 0.24/turn    f - ring of magical power
MPRegen 0.58/turn

%: no passive effects
@: no status effects
A: no striking features
a: no special abilities


You were on level 3 of the Dungeon.
You visited 1 branch of the dungeon, and saw 3 of its levels.

You collected 87 gold pieces.

Inventory:

Hand Weapons
 a - a +0 dagger (weapon)
 e - a +0 rapier
Armour
 b - a +0 robe (worn)
 c - a +0 hat (worn)
Jewellery
 f - a ring of magical power (right hand)
 i - an amulet of magic regeneration (around neck)
 k - a ring of protection from cold (left hand)
Scrolls
 h - a scroll of vulnerability
 m - a scroll of teleportation
Potions
 d - 3 potions of magic
 g - 2 potions of curing {unknown}
 j - a potion of enlightenment {unknown}
 l - a potion of brilliance {unknown}
 n - a potion of ambrosia {unknown}


   Skills:
 + Level 3.2 Dodging
 + Level 3.2 Stealth
 + Level 5.0 Spellcasting
 + Level 2.0 Conjurations
 + Level 2.0 Summonings
 + Level 2.1 Translocations


You had 8 spell levels left.
You knew the following spells:

 Your Spells              Type           Power      Damage    Failure   Level
a - Magic Dart            Conj           56%        1d5       4%          1
b - Blink                 Tloc           28%        N/A       7%          2
c - Call Imp              Summ           26%        N/A       7%          2

Your spell library contained the following spells:

 Spells                   Type           Power      Damage    Failure   Level
 Lesser Beckoning         Tloc           28%        N/A       7%          2
 Momentum Strike          Conj/Tloc      28%        3d8       7%          2
 Slow                     Hex            20%        N/A       11%         1
 Cigotuvi's Dreadful Rot  Necr/Pois/Air  10%        N/A       16%         2
 Hailstorm                Conj/Ice       9%         3d4       22%         3
 Mephitic Cloud           Conj/Pois/Air  8%         N/A       24%         3
 Summon Ice Beast         Ice/Summ       9%         N/A       56%         4
 Simulacrum               Ice/Necr       2%         N/A       100%        6


Dungeon Overview and Level Annotations

Branches:
Dungeon (3/15)

Altars:
Dithmenos


Message History

Aim: an orc priest, wielding a +0 flail and wearing a +0 ring mail (moderately wounded, 100% to hit)
The magic dart hits the orc priest.
The orc priest is heavily wounded.
The orc priest misses you.
Casting: Magic Dart (safe; 4% risk of failure)
Confirm with . or Enter, or press ? or * to list all spells.
Aiming: Magic Dart (safe; 4% risk of failure)
Press: ? - help, Shift-Dir - straight line, f/p - orc priest
Aim: an orc priest, wielding a +0 flail and wearing a +0 ring mail (heavily wounded, 100% to hit)
The magic dart hits the orc priest but does no damage.
The orc priest is heavily wounded.
The orc priest hits you with a +0 flail!
* * * LOW HITPOINT WARNING * * *
Okay, then.
Casting: Magic Dart (safe; 4% risk of failure)
Confirm with . or Enter, or press ? or * to list all spells.
Aiming: Magic Dart (safe; 4% risk of failure)
Press: ? - help, Shift-Dir - straight line, f/p - orc priest
Aim: an orc priest, wielding a +0 flail and wearing a +0 ring mail (heavily wounded, 100% to hit)
Okay, then.
Casting: Magic Dart (safe; 4% risk of failure)
Confirm with . or Enter, or press ? or * to list all spells.
Okay, then.
Casting: Magic Dart (safe; 4% risk of failure)
Confirm with . or Enter, or press ? or * to list all spells.
Aiming: Magic Dart (safe; 4% risk of failure)
Press: ? - help, Shift-Dir - straight line, f/p - orc priest
Aim: an orc priest, wielding a +0 flail and wearing a +0 ring mail (heavily wounded, 100% to hit)
The magic dart hits the orc priest but does no damage.
The orc priest is heavily wounded.
The orc priest closely misses you.
Casting: Magic Dart (safe; 4% risk of failure)
Confirm with . or Enter, or press ? or * to list all spells.
Aiming: Magic Dart (safe; 4% risk of failure)
Press: ? - help, Shift-Dir - straight line, f/p - orc priest
Aim: an orc priest, wielding a +0 flail and wearing a +0 ring mail (heavily wounded, 100% to hit)
The magic dart hits the orc priest but does no damage.
The orc priest is heavily wounded.
The orc priest hits you with a +0 flail!
You die...

#.#.. ##..#
#..## #.##.
#..## ##..#
#.####### #.#..
#.......# ##.#.
#@# #.#.# #o#
##### #o# +#
#># ... ####.#
..$. ##.##.#
...o.
##...#.##......
#.......'..ooo.
#....#.##.....o


You could see an orc priest and an orc.

Vanquished Creatures
  A jelly (D:3)
  2 adders
  A worm (D:3)
  An orc (D:3)
  5 ball pythons
  5 endoplasms
  A goblin (D:1)
  9 hobgoblins
  2 kobolds
  6 bats
  4 frilled lizards
  3 rats (D:1)
40 creatures vanquished.

Notes
Turn   | Place    | Note
-------+----------+-------------------------------------------
     0 | D:1      | Zonian the Deep Elf Hedge Wizard began the quest for the
                  | Orb.
     0 | D:1      | Reached XP level 1. HP: 10/10 MP: 7/7
   679 | D:1      | Reached XP level 2. HP: 15/15 MP: 5/9
  1465 | D:2      | Reached XP level 3. HP: 18/19 MP: 6/11
  1692 | D:2      | You fall into a shaft and drop 1 floor!
  2150 | D:3      | Reached skill level 5 in Spellcasting
  2150 | D:3      | Reached XP level 4. HP: 8/24 MP: 8/13
  2222 | D:3      | Found a shadowy altar of Dithmenos.
  2621 | D:3      | Learned a level 2 spell: Blink
  2624 | D:3      | Learned a level 2 spell: Call Imp
  2825 | D:3      | HP: 1/24 [orc priest/+0 flail (9)]
  2827 | D:3      | Mangled by an orc priest

Illustrated notes

Levels and vault maps discovered:
D:1:      dpeg_arrival_short_road, layout_basic
D:2:      layout_basic, basic_ecumenical_altar
D:3:      minmay_diamond_boxcup, layout_loops_corners,
          mainiacjoe_overflow_cross_hatched, ebering_ghost_disaster_area,
          mrwooster_statue_mirror, chequers_serial_rivers_micro_a

Skill      XL: |  1  2  3  4 |
---------------+-------------+-----
Dodging        | 3 |  3.2
Stealth        | 3 |  3.2
Spellcasting   | 5 |  5.0
Translocations | 2 |  2.1
Conjurations   | 2 |  2.0
Summonings     | 2 |  2.0

Action                     |  1- 3 |  4- 6 || total
---------------------------+-------+-------++-------
  Melee: Dagger            |     7 |       ||     7
   Cast: Magic Dart        |    79 |    42 ||   121
    Use: Scroll            |     3 |     1 ||     4
   Stab: Sleeping          |     6 |       ||     6
 Armour: Robe              |     7 |     4 ||    11
  Dodge: Dodged            |     9 |     7 ||    16

Table legend: (Time is in decaauts)
 A = Elapsed time spent in this place.
 B = Non-inter-level travel time spent in this place.
 C = Inter-level travel time spent in this place.
 D = Time resting spent in this place.
 E = Time spent auto-exploring this place.
 F = Levels seen in this place.
 G = Mean time per level.
                   A        B        C        D        E       F      G
               +--------+--------+--------+--------+--------+-----+--------+
         Total |   2825 |   2778 |     47 |   1033 |   1409 |   3 |  941.7 |
       Dungeon |   2825 |   2778 |     47 |   1033 |   1409 |   3 |  941.7 |
               +--------+--------+--------+--------+--------+-----+--------+

Top non-repeatable levels by time:
     D:1: 1383 daAuts
     D:3: 1133 daAuts
     D:2: 308 daAuts
